 Dungeon Crawl Stone Soup version 0.22.0-32-gbc6daba (webtiles) character file.

1682 iamserjio the Grappler (level 8, 42/74 HPs)
             Began as a Troll Fighter on Aug 23, 2018.
             Quit the game on level 7 of the Dungeon.
             The game lasted 00:11:08 (1692 turns).

iamserjio the Grappler (Troll Fighter)              Turns: 1692, Time: 00:11:09

Health: 42/74      AC:  8    Str: 25    XL:     8   Next: 71%
Magic:  7/7        EV:  8    Int:  6    God:
Gold:   142        SH: 11    Dex:  9    Spells: 7/7 levels left

rFire    + . .     SeeInvis .     - Unarmed
rCold    . . .     Gourm    +   b - +1 shield
rNeg     . . .     Faith    .   n - +1 robe {rF+}
rPois    .         Spirit   .   (helmet restricted)
rElec    .         Reflect  +   o - +1 cloak
rCorr    .         Harm     .   (gloves unavailable)
MR       .....                  (boots unavailable)
Stlth    +.........             h - +2 amulet of reflection
HPRegen  0.62/turn              (no ring)
MPRegen  0.10/turn              (no ring)

@: no status effects
A: large, unfitting armour, claws 3, fast metabolism 3, gourmand, regeneration
1, shaggy fur 1, tough skin 2
a: no special abilities


You were on level 7 of the Dungeon.
You were very hungry.

You visited 1 branch of the dungeon, and saw 7 of its levels.
You also visited: Ossuary.

You collected 142 gold pieces.

Inventory:

Missiles
 j - 5 tomahawks of returning (quivered)
 k - 2 curare-tipped needles {!f}
Armour
 a - a +0 robe
 b - a +1 shield (worn)
 n - a +1 robe of fire resistance (worn)
 o - a +1 cloak (worn)
Jewellery
 h - a +2 amulet of reflection (around neck)
Wands
 c - a wand of random effects (31)
Scrolls
 e - 8 scrolls of teleportation
 f - 5 scrolls of enchant armour
 l - 3 scrolls of remove curse {@r2}
 q - a scroll of noise
Potions
 g - 3 potions of curing {@q1}
 i - a potion of berserk rage {unknown}
 p - a potion of mutation {unknown}
 r - a potion of degeneration {unknown}
 s - a potion of heal wounds {unknown}
 t - a potion of might
 u - a potion of invisibility {unknown}
 v - a potion of experience {unknown}
Comestibles
 d - 4 rations


   Skills:
 - Level 2.4 Fighting
 - Level 2.4 Dodging
 - Level 2.4 Shields
 + Level 11.2 Unarmed Combat


You had 7 spell levels left.
You didn't know any spells.
Your spell library was empty.

Dungeon Overview and Level Annotations

Branches:
Dungeon (7/15)
 Temple: D:4-7

Altars:
Elyvilon
Gozag
Makhleb
Okawaru
Wu Jian


Innate Abilities, Weirdness & Mutations

You are too large for most types of armour.
You have claws for hands.
Your metabolism is lightning-fast.
You like to eat raw meat.
Your natural rate of healing is unusually fast.
You are covered in fur. (AC +1)
You have very tough skin. (AC +2)


Message History

You are too injured to fight recklessly!
You are too injured to fight recklessly!
An orc warrior comes into view. It is wielding a trident.
The orc warrior shouts!
You block the jackal's attack. You block the orc's attack.
You block the jackal's attack. The orc hits you with a club.
* * * LOW HITPOINT WARNING * * *
You block the jackal's attack.
The jackal bites you but does no damage.
The orc warrior hits you from afar with a trident.
* * * LOW HITPOINT WARNING * * *
Found a stone staircase leading down.
You block the jackal's attack. x2
The orc hits you but does no damage.
The jackal bites you but does no damage. x2
The jackal bites you but does no damage.
The jackal bites you but does no damage.
The jackal bites you but does no damage.
Are you sure you want to abandon this character and quit the game? (Confirm with "yes".)

########### #.........#
#.........# #.........#
#.....@...##########
#.....hh...........#
#.........##........###
#........o....>........
#######...o..........#.
#..............#.
#................
#..............#.
#................


You could see an orc warrior, an orc and 2 jackals.

Vanquished Creatures
  Sigmund (D:2)
  A hungry ghost (D:7)
  An ogre (D:4)
  A sky beast (D:6)
  2 phantoms
  A centaur (D:6)
  4 scorpions
  A howler monkey (D:6)
  A bullfrog zombie (D:5)
  A quasit (D:7)
  A jelly (D:6)
  A bullfrog skeleton (D:5)
  A hound (D:5)
  5 orc priests
  A human zombie (Ossuary)
  Jessica (D:3)
  4 orc wizards (D:7)
  2 worker ants (D:4)
  3 mummies (Ossuary)
  A howler monkey zombie (D:7)
  6 adders
  An ooze (D:5)
  2 adder zombies (Ossuary)
  2 adder skeletons (D:4)
  A worm (D:2)
  2 dart slugs (D:3)
  5 leopard geckos
  14 orcs
  2 ball pythons
  A giant cockroach (D:3)
  5 goblins
  6 hobgoblins
  9 jackals
  3 quokkas
  2 bats
  3 frilled lizards
  A goblin zombie (Ossuary)
  5 hobgoblin zombies (Ossuary)
  A kobold (D:3)
  3 kobold zombies (Ossuary)
  2 leopard gecko skeletons
  2 quokka zombies (Ossuary)
  5 rats
  4 rat zombies (Ossuary)
121 creatures vanquished.

Notes
Turn   | Place    | Note
-------+----------+-------------------------------------------
     0 | D:1      | iamserjio the Troll Fighter began the quest for the Orb.
     0 | D:1      | Reached XP level 1. HP: 22/22 MP: 0/0
    67 | D:2      | Reached XP level 2. HP: 29/29 MP: 1/1
    90 | D:2      | Reached skill level 3 in Unarmed Combat
   124 | D:2      | Noticed Sigmund
   136 | D:2      | Killed Sigmund
   136 | D:2      | Reached skill level 5 in Unarmed Combat
   136 | D:2      | Reached XP level 3. HP: 30/36 MP: 2/2
   136 | D:2      | Reached XP level 4. HP: 37/44 MP: 3/3
   136 | D:2      | Reached XP level 5. HP: 42/50 MP: 4/4
   239 | D:3      | Found a white marble altar of Elyvilon.
   305 | D:4      | Reached skill level 6 in Unarmed Combat
   338 | D:3      | Noticed Jessica
   346 | D:3      | Killed Jessica
   462 | D:4      | Reached XP level 6. HP: 52/59 MP: 5/5
   472 | D:4      | Found an opulent altar of Gozag.
   507 | D:4      | Reached skill level 7 in Unarmed Combat
   575 | D:4      | Reached XP level 7. HP: 59/66 MP: 6/6
   580 | D:4      | Reached skill level 8 in Unarmed Combat
   632 | D:4      | Found an iron altar of Okawaru.
   724 | D:5      | Entered Level 5 of the Dungeon
   830 | D:5      | Found a sand-covered staircase.
   837 | Ossuary  | Entered an ossuary
  1049 | D:6      | Reached skill level 9 in Unarmed Combat
  1257 | D:6      | Reached XP level 8. HP: 60/74 MP: 7/7
  1380 | D:7      | Reached skill level 10 in Unarmed Combat
  1635 | D:7      | Reached skill level 11 in Unarmed Combat
  1638 | D:7      | Found a burning altar of Makhleb.
  1639 | D:7      | Found an ornate altar of the Wu Jian Council.
  1692 | D:7      | Quit the game

Skill      XL: |  1  2  3  4  5  6  7  8 |
---------------+-------------------------+-----
Unarmed Combat | 5 6 7 9 11 | 11.2
Fighting       | |  2.4
Dodging        | |  2.4
Shields        | |  2.4

Action                   |  1- 3 |  4- 6 |  7- 9 || total
-------------------------+-------+-------+-------++-------
Melee: Unarmed           |    46 |    96 |   219 ||   361
Evoke: Wand              |       |       |     1 ||     1
  Use: Potion            |     1 |       |     4 ||     5
       Scroll            |       |     1 |     9 ||    10
  Eat: Chunk             |       |     3 |    12 ||    15
Armor: Robe              |    12 |    25 |    94 ||   131
Dodge: Dodged            |    16 |    25 |    58 ||    99
Block: Shield            |    14 |    42 |   112 ||   168
       Reflection        |       |     1 |       ||     1
